 Dungeon Sprint DCSS version 0.28.0-53-g5a82cb258f (webtiles) character file.

Game seed: 6310369008093445000

6 Zeld the Conjurer (level 1, -8/15 HPs)
             Began as a Deep Elf Conjurer on June 9, 2022.
             Mangled by an iguana (11 damage)
             ... in the Dungeon (Sprint IX: "|||||||||||||||||||||||||||||").
             The game lasted 00:00:17 (289 turns).

Zeld the Conjurer (Deep Elf Conjurer)                Turns: 289, Time: 00:00:17

Health: -8/15      AC:  2    Str:  4    XL:     1   Next: 75%
Magic:  6/6        EV: 12    Int: 22    God:
Gold:   0          SH:  0    Dex: 13    Spells: 5/6 levels left

rFire   . . .      SeeInvis .   h - +0 dagger
rCold   . . .      Faith    .   (no shield)
rNeg    . . .      Spirit   .   a - +0 robe
rPois   .          Reflect  .   (no helmet)
rElec   .          Harm     .   (no cloak)
rCorr   .          Rampage  .   (no gloves)
Will    .....      NoTele   +   (no boots)
Stlth   ..........              (no amulet)
HPRegen 0.05/turn               (no ring)
MPRegen 0.10/turn               (no ring)

@: berserking, very quick
A: no striking features
a: no special abilities


You were in the Dungeon.
You visited 1 branch

Inventory:

Hand Weapons
 h - a +0 dagger (weapon)
Armour
 a - a +0 robe (worn)
Scrolls
 g - a scroll of blinking
Potions
 b - a potion of curing
 c - a potion of heal wounds
 d - a potion of haste
 e - 2 potions of magic


   Skills:
 + Level 2.6 Dodging
 + Level 2.5 Stealth
 + Level 0.9 Unarmed Combat
 + Level 3.3 Spellcasting
 + Level 5.4 Conjurations


You had 5 spell levels left.
You knew the following spells:

 Your Spells              Type           Power      Damage    Failure   Level
a - Magic Dart            Conj           100%       1d8       1%          1

Your spell library contained the following spells:

 Spells                   Type           Power      Damage    Failure   Level
 Searing Ray              Conj           54%        2d6       1%          2
 Dazzling Flash           Conj/Hex       30%        N/A       12%         3
 Fulminant Prism          Conj/Hex       7%         3d7       36%         4
 Iskenderun's Mystic Bla  Conj/Tloc      15%        2d5       36%         4


Dungeon Overview and Level Annotations

Branches:
Dungeon (1/1)

Altars:


Message History

The bat skeleton closely misses you. The bat skeleton misses you.
You hit the bat skeleton.
The bat skeleton is heavily damaged.
The bat skeleton closely misses you.
The bat skeleton hits you but does no damage.
The bat skeleton barely misses you.
You hit the bat skeleton but do no damage.
The bat skeleton is heavily damaged.
The adder hisses angrily.
The iguana hisses angrily.
The bat skeleton barely misses you.
The bat skeleton hits you but does no damage. x2
The orc shouts!
You hit the bat skeleton but do no damage.
The bat skeleton is heavily damaged.
The bat skeleton barely misses you. The bat skeleton closely misses you.
A red film seems to cover your vision as you go berserk!
You feel yourself moving faster!
You feel mighty!
You puncture the iguana!
The iguana is heavily wounded.
The iguana bites you!
Ouch! That really hurt!
* * * LOW HITPOINT WARNING * * *
You closely miss the iguana.
The iguana is heavily wounded.
You hit the iguana.
The iguana is severely wounded.
The iguana misses you.
Unknown command.
You hit the iguana.
The iguana is severely wounded.
The iguana misses you.
Unknown command.
You closely miss the iguana.
The iguana is severely wounded.
Unknown command.
You barely miss the iguana.
The iguana is severely wounded.
The iguana bites you!
Ouch! That really hurt!
You die... ▓▓▓▓▓▓▓▓▓▓▓▓▓▓▓▓▓▓ +.ZoZSl@....'...<▓ ▓▓▓▓▓▓▓▓▓▓▓▓▓▓▓▓▓▓

You could see an iguana, an adder, an orc, a bat skeleton and a ball python skeleton.

Vanquished Creatures
  2 endoplasms (D)
  2 giant cockroaches (D)
  A kobold (D)
5 creatures vanquished.

Notes
Turn   | Place    | Note
-------+----------+-------------------------------------------
     0 | D        | Zeld the Deep Elf Conjurer began the quest for the Orb.
     0 | D        | Reached XP level 1. HP: 10/10 MP: 6/6
     9 | D        | Reached skill level 5 in Conjurations
   278 | D        | Noticed an iguana
   289 | D        | Mangled by an iguana

Illustrated notes

Levels and vault maps discovered:
D:        linesprint [early_d, line_temple, items_1, d_10, items_2, lair_1,
          lair_end, items_3, orc_1, orc_end, items_4, d_15, swamp_1, shoals_1,
          snake_1, spider_1, d_20, vaults_1, items_5, swamp_end, shoals_end,
          snake_end, spider_end, vaults_end, d_27, items_6, zot_1, zot_end,
          crypt_end, forest_end, elf_end, slime_end, tomb_end, abyss_end,
          pan_hell_end]

Skill      XL: |  1 |
---------------+----+-----
Conjurations   | 5 |  5.4
Dodging        | |  2.6
Stealth        | |  2.5
Unarmed Combat | |  0.9
Spellcasting   | |  3.3

Action                   || total
-------------------------++-------
Melee: Unarmed           ||    20
       Dagger            ||    10
 Cast: Magic Dart        ||     8
  Use: Potion            ||     1
Armor: Robe              ||     8
Dodge: Dodged            ||    24
